 Dungeon Crawl Stone Soup version 0.22.1-1-ga44c0e56f4 (webtiles) character file.

185 Knicklaso the Stinger (level 5, -1/38 HPs)
             Began as a Draconian Venom Mage on Sept 30, 2018.
             Slain by an orc priest
             ... wielding a +0 hand axe
              (5 damage)
             ... on level 3 of the Dungeon.
             The game lasted 00:08:53 (3751 turns).

Knicklaso the Stinger (Draconian Venom Mage)        Turns: 3751, Time: 00:08:54

Health: -1/38      AC:  5    Str: 10    XL:     5   Next: 37%
Magic:  1/9        EV: 12    Int: 16    God:
Gold:   137        SH:  0    Dex: 12    Spells: 8/9 levels left

rFire    . . .     SeeInvis .   k - +0 quarterstaff
rCold    . . .     Gourm    .   (shield currently unavailable)
rNeg     . . .     Faith    .   (armour unavailable)
rPois    .         Spirit   .   (helmet restricted)
rElec    .         Reflect  .   (no cloak)
rCorr    .         Harm     .   (no gloves)
MR       .....                  (no boots)
Stlth    ++........             (no amulet)
HPRegen  0.12/turn              (no ring)
MPRegen  0.11/turn              (no ring)

@: hasted, very quick
A: unfitting armour, cold-blooded, AC +5
a: no special abilities


You were on level 3 of the Dungeon.
You were not hungry.

You visited 1 branch of the dungeon, and saw 3 of its levels.

You collected 137 gold pieces.

Inventory:

Hand Weapons
 k - a +0 quarterstaff (weapon)
Jewellery
 f - an uncursed ring of stealth {unknown}
 i - an uncursed ring of poison resistance {unknown}
Scrolls
 a - a scroll of fog {unknown}
 c - a scroll of identify {unknown}
 e - 2 scrolls of amnesia {unknown}
 l - 2 scrolls of teleportation {unknown}
 p - a scroll of enchant weapon {unknown}
Potions
 h - a potion of curing {unknown}
 j - a potion of mutation {unknown}
 m - a potion of degeneration {unknown}
 n - a potion of berserk rage {unknown}
 o - a potion of brilliance {unknown}
Comestibles
 b - 10 rations
 g - 2 chunks of flesh


   Skills:
 - Level 1.7 Dodging
 - Level 1.7 Stealth
 + Level 2.9 Spellcasting
 * Level 3.4 Conjurations
 * Level 4.4 Poison Magic


You had 8 spell levels left.
You knew the following spells:

 Your Spells              Type           Power        Failure   Level  Hunger
a - Sting                 Conj/Pois      ##..         3%          1    #......

Your spell library contained the following spells:

 Spells                   Type           Power        Failure   Level  Hunger
 Poisonous Vapours        Pois/Air       #.....       12%         2    ##.....
 Mephitic Cloud           Conj/Pois/Air  ##......     19%         3    ###....
 Olgreb's Toxic Radiance  Pois           ###.....     30%         4    #####..
 Venom Bolt               Conj/Pois      ##........   71%         5    ######.


Dungeon Overview and Level Annotations

Branches:
Dungeon (3/15)

Altars:


Innate Abilities, Weirdness & Mutations

Your plain brown scales are hard. (AC +5)
You cannot fit into any form of body armour.
You are cold-blooded and may be slowed by cold attacks.


Message History

The orc priest is moderately wounded.
The orc closely misses you.
You hit the orc.
The orc is almost dead.
The orc hits you but does no damage.
You completely miss the orc.
The orc is almost dead.
The orc hits you with an antimagic short sword.
The orc hits you but does no damage.
You closely miss the orc.
The orc is almost dead.
The orc hits you with an antimagic short sword.
You sock the orc!
You kill the orc!
The orc priest mumbles some strange prayers to Beogh against you.
Beogh smites you!
* * * LOW HITPOINT WARNING * * *
It was a potion of haste.
You feel yourself speed up.
The orc priest hits you with a hand axe.
You die...

########.###.#
..............#
.########.#######
.....).....>.....
....###.#.#######
#.#....#..)..#
.#......#####.#
.#...#.##
#)#####.#
.......#
#..o@...#
##.#####
######### ...#
####


You could see an orc priest.

Vanquished Creatures
  An orc priest (D:3)
  3 orc wizards (D:3)
  An adder (D:3)
  4 worms
  A dart slug (D:2)
  2 leopard geckos (D:3)
  5 orcs (D:3)
  3 ball pythons
  4 bats
  3 giant cockroaches
  3 goblins
  4 hobgoblins (D:3)
  3 frilled lizards
  5 kobolds
  4 rats
46 creatures vanquished.

Notes
Turn   | Place    | Note
-------+----------+-------------------------------------------
     0 | D:1      | Knicklaso the Draconian Venom Mage began the quest for the
                  | Orb.
     0 | D:1      | Reached XP level 1. HP: 14/14 MP: 3/3
   787 | D:2      | Reached XP level 2. HP: 20/20 MP: 5/5
  2341 | D:3      | Reached XP level 3. HP: 26/26 MP: 0/6
  2617 | D:3      | Reached XP level 4. HP: 23/33 MP: 3/7
  2916 | D:3      | Reached skill level 4 in Poison Magic
  3275 | D:3      | Reached XP level 5. HP: 20/38 MP: 1/9
  3751 | D:3      | Slain by an orc priest

Skill      XL: |  1  2  3  4 |
---------------+-------------+-----
Conjurations   | 2 3 |  3.4
Poison Magic   | 4 |  4.4
Dodging        | |  1.7
Stealth        | |  1.7
Spellcasting   | |  2.9

Action                   |  1- 3 |  4- 6 || total
-------------------------+-------+-------++-------
Melee: Dagger            |    31 |       ||    31
       Tailslap          |     6 |     2 ||     8
       Quarterstaff      |     9 |    50 ||    59
 Cast: Sting             |    68 |    49 ||   117
  Use: Potion            |       |     1 ||     1
 Stab: Sleeping          |     1 |       ||     1
  Eat: Chunk             |     6 |     4 ||    10
Armor: Skin              |     5 |    21 ||    26
Dodge: Dodged            |    22 |    32 ||    54
